[Event "67th Mexican-ch Open 2022"]
[Site "Chihuahua"]
[Date "2022.04.13"]
[Round "1.22"]
[White "Maass Garza R, Alejandro"]
[Black "Huerta Milan, Hector"]
[Result "1-0"]
[ECO "B73"]
[WhiteElo "2265"]
[BlackElo "1672"]
[Annotator "TA"]
[PlyCount "91"]
[EventDate "2022.04.12"]
[EventType "swiss"]
[EventCountry "MEX"]
[SourceTitle "playchess.com"]
[Source "ChessBase"]
[SourceQuality "1"]
[TimeControl "5400+30"]

1. e4 c5 2. Nf3 Nc6 3. d4 cxd4 4. Nxd4 Nf6 5. Nc3 d6 6. Be2 Bd7 7. O-O g6 8. Nb3 Bg7 9. Be3 O-O 10. Qd2 Re8 {[%emt 0:01:44] B73: Sicilian Dragon: Classical System without 9 Nb3.} 11. h3 a6 12. a4 Na5 {[%emt 1:27:19] [#] The position is equal.} 13. f4 $146 ({Predecessor:} 13. Nxa5 Qxa5 14. Rfd1 Rac8 15. Qd3 Be6 16. Rdc1 Bc4 17. Qd1 Bxe2 18. Qxe2 Qb4 19. Bd2 {0-1 (31) Abdulov,O (2295)-Abbasov,F (2549) Baku 2010}) 13... Bc6 14. Nxa5 Qxa5 15. b4 Qc7 16. Bd3 Rac8 17. Ra3 Bd7 18. Ne2 Bc6 19. Ng3 Ra8 (19... b5 $11) 20. Qf2 (20. c4 $16) 20... Rf8 (20... b5 $11) 21. c4 $1 $16 Rfc8 22. Bb6 Qb8 23. b5 {[%emt 0:03:36] &Bianco is more active.} (23. a5 $16) 23... Be8 $11 24. Bd4 Nd7 25. Bxg7 Kxg7 26. b6 a5 27. h4 (27. Ne2 $11 {remains equal.}) 27... Rc6 $1 $17 28. h5 Qd8 $1 29. Kh2 Qxb6 30. Qf3 Qd4 31. Qg4 Kf8 32. f5 {[%emt 0:00:48] [#]} (32. Be2 $17) 32... Qg7 ({Not} 32... Ne5 33. Qh4 g5 34. Qxg5 $17) ({Black should play} 32... gxf5 $1 $19 33. Qxf5 (33. Nxf5 Qe5+ 34. Kh1 e6 $17) 33... Qf6) 33. fxg6 $15 hxg6 34. Qf4 (34. hxg6 $15 Nf6 35. Qf4) 34... g5 35. Qf2 Ne5 $36 {[%emt 0:00:29][%mdl 2048] Threatens to win with ...Ng4+. Keeping White busy.} 36. Be2 {[%emt 0:00:19] Inhibits Ng4+.} Bd7 (36... Nxc4 37. Ra2) 37. Nf5 Bxf5 38. Qxf5 Rd8 ({Worse is} 38... Nxc4 {[#]} 39. h6 $1 Qe5+ 40. Rg3 Qxf5 41. Rxf5 $11) 39. h6 (39. Rh3 $17 {was worth a try.}) 39... Qg6 $2 ({Black should try} 39... Qxh6+ $19 40. Rh3 Qf6 41. Qxf6 exf6 42. Rxf6 Kg7) 40. Qh3 $2 (40. Qxg6 $11 {and White has nothing to worry.} Nxg6 41. Rg3) 40... Kg8 $19 41. Rg3 Kh7 $2 (41... Rc5 $19 {aiming for ...b6.} 42. Kg1 e6) 42. Bh5 $1 $11 Qxh6 {[%emt 0:00:13] ...Kg7 is the strong threat.} 43. Qf5+ Kh8 {[%emt 0:00:47] And now ...g4 would win.} 44. Rh3 $1 Kg7 (44... Rxc4 $2 45. Bxf7 Qxh3+ 46. Qxh3+ Kg7 47. Qf5 Rh8+ 48. Kg1 $18) (44... e6 $11 {keeps the balance.} 45. Qf2 Kg7) 45. Bxf7 $16 {[%emt 0:00:25][%mdl 64] Discovered Attack. Chess con chili.} Qf6 (45... e6 $16 46. Bxe6 Qg6) 46. Qh7+ {[%emt 0:00:08] Weighted Error Value: White=0.30/Black=0.51} 1-0

[Event "67th Mexican-ch Open 2022"]
[Site "Chihuahua"]
[Date "2022.04.13"]
[Round "1.23"]
[White "Almendarez Verdin, Manuel Adan"]
[Black "Morales Garcia, Sergio Joshafatt"]
[Result "1/2-1/2"]
[ECO "D45"]
[WhiteElo "1662"]
[BlackElo "2246"]
[Annotator "TA"]
[PlyCount "112"]
[EventDate "2022.04.12"]
[EventType "swiss"]
[EventCountry "MEX"]
[SourceTitle "playchess.com"]
[Source "ChessBase"]
[SourceQuality "1"]
[TimeControl "5400+30"]

1. d4 d5 2. c4 c6 3. Nc3 Nf6 4. Nf3 e6 5. e3 Nbd7 6. b3 Bb4 7. Bd2 O-O 8. Bd3 Re8 {[%emt 0:15:33] D45: Semi-Slav: 5 e3.} 9. O-O dxc4 10. bxc4 e5 {[%emt 0:03:27] Strongly threatening ...Bxc3.} 11. dxe5 Nxe5 12. Nxe5 Rxe5 13. Qc2 {[%emt 0:01:41] [#]} Bf8 $146 (13... Rh5 $15 {is more appropriate.}) ({Predecessor:} 13... Rh5 14. Ne2 Bxd2 15. Qxd2 Ne4 16. Qc2 Qh4 17. h3 Ng5 18. Nf4 Nf3+ 19. Kh1 Bxh3 20. gxh3 {0-1 (49) Andersen,J (2264)-Alascio Ruiz,J (2216) ICCF email 2017}) 14. h3 {[%emt 0:01:29] [#]} (14. Rfd1 $11) 14... Re8 (14... Bxh3 $1 $17 {And now ...Rg5 would win.} 15. Ne2 (15. gxh3 $2 Rg5+ 16. Kh2 Ng4+ 17. Kh1 Rh5 $19) 15... Bc8) 15. Rad1 Be6 16. Bc1 Qa5 17. Ne2 h6 18. Nf4 Rad8 19. Bb2 Nd7 20. Nxe6 Rxe6 21. Bh7+ {[%emt 0:00:45] This bishop pair is nice.} Kh8 22. Bf5 Rd6 23. Rxd6 Bxd6 24. Rd1 Nc5 25. Bg4 Kg8 26. g3 Be7 27. Qc3 Rxd1+ 28. Bxd1 Qxc3 29. Bxc3 $11 {[%emt 0:00:07][%mdl 4096] Endgame KBB-KBN} Ne4 30. Be1 Bc5 31. Kg2 Kf8 32. Kf3 Nd6 33. Be2 Ke7 34. Bc3 f6 35. Bd3 Nf7 36. Ke2 Ne5 37. Bd4 Bxd4 38. exd4 Nxd3 39. Kxd3 {[%emt 0:00:10] KP-KP} b5 40. a4 a6 41. Kc3 Kd6 42. Kb4 bxc4 43. Kxc4 {[%emt 0:00:23] Black must now prevent g4.} a5 $2 {[%emt 0:00:40][%mdl 8192] [#]} (43... f5 $11) 44. f3 $2 (44. g4 $1 $18 g6 45. h4) 44... g6 45. h4 f5 $2 {[%emt 0:00:17] [#]} (45... h5 $11) 46. f4 $2 (46. g4 $1 $18) 46... h5 {[%emt 0:00:34] The position is equal.} 47. Kc3 $1 Ke6 (47... Kd5 $5 48. Kd3 c5 49. dxc5 Kxc5 $11) 48. Kc4 {[%emt 0:01:01] Threatening mate with Kc5.} Kd6 49. Kc3 $1 {[%emt 0:00:12] Intending Kc4 and mate.} Kd5 50. Kd3 Ke6 51. Kc3 Kd5 52. Kd3 c5 53. dxc5 Kxc5 54. Kc3 Kd5 55. Kd3 Kc5 {[%emt 0:00:22] ( -> ...Kb4)} 56. Kc3 Kd5 {[%emt 0:00:04] Weighted Error Value: White=0.25 (precise) /Black=0.16 (very precise)} 1/2-1/2

[Event "67th Mexican-ch Open 2022"]
[Site "Chihuahua"]
[Date "2022.04.13"]
[Round "1.24"]
[White "Tapie Amione, Pablo Adib"]
[Black "Gomez Vazquez, Enrique"]
[Result "1-0"]
[ECO "B98"]
[WhiteElo "2241"]
[BlackElo "1661"]
[Annotator "TA"]
[PlyCount "71"]
[EventDate "2022.04.12"]
[EventType "swiss"]
[EventCountry "MEX"]
[SourceTitle "playchess.com"]
[Source "ChessBase"]
[SourceQuality "1"]
[TimeControl "5400+30"]

1. e4 c5 2. Nf3 d6 3. d4 cxd4 4. Nxd4 Nf6 5. Nc3 a6 6. Bg5 e6 7. f4 Be7 8. Qf3 Qb6 9. O-O-O Nc6 10. Nb3 {[%emt 0:02:57] B98: Sicilian Najdorf: 6 Bg5 e6 7 f4 Be7, sidelines.} Bd7 11. Bh4 Qc7 12. g4 {[%emt 0:02:19][%cal Bg2g4,Bg4g5][%mdl 32] [#] White is slightly better.} O-O-O $146 (12... O-O $14) ({Predecessor:} 12... h6 13. Bg3 e5 14. f5 Rc8 15. Kb1 Na5 16. h4 Bc6 17. Bd3 Nd7 18. Nxa5 Qxa5 {1-0 (58) Almasi,Z (2713)-Aagaard,J (2517) Istanbul 2012}) 13. g5 $16 Ne8 14. Bf2 Kb8 (14... h6 $142) 15. Rg1 f6 16. h4 {[%emt 0:04:28] 0x0.001a398f4a34dp-1022s more active pieces.} Rf8 17. Qe3 fxg5 18. fxg5 (18. hxg5 $18 {Threatens to win with Bh3.} h6 19. gxh6) 18... h6 (18... b5 $14) 19. Bb5 Rc8 (19... axb5 $2 20. Nxb5 Qc8 21. Na5 $1 ) (19... hxg5 $16 20. hxg5 (20. Bxc6 bxc6 21. hxg5 Bc8 $14) 20... Bc8) 20. Be2 $2 ({Weaker is} 20. gxh6 axb5 21. hxg7 Rg8 $16) (20. Bxc6 $18 bxc6 21. e5 (21. gxh6 Bf6 $18)) 20... hxg5 21. hxg5 Qd8 22. Be1 Nc7 23. Kb1 e5 24. Nd5 Nxd5 25. exd5 Nd4 26. Nxd4 exd4 27. Rxd4 {[%emt 0:00:53] And now Re4 would win.} Bf5 {[%emt 0:00:00] Inhibits Re4.} 28. Bc3 g6 (28... Rh8 $16 {was necessary.}) 29. Rb4 $1 $18 {[%emt 0:00:18] Bxa6 is the strong threat.} Ka8 {[%emt 0:00:00] [#]} 30. Bc4 (30. Bxa6 $1 $18 bxa6 31. Rb6) 30... Qd7 $16 31. Bd4 (31. Bd3 $16) 31... a5 $1 $14 32. Qa3 $40 {[%emt 0:00:04][%mdl 128] White has some attack.} Bxc2+ $2 {[%emt 0:00:31][%mdl 8192] A mistake that costs the game.} 33. Kxc2 $18 ({But not} 33. Kc1 $2 {[#]} Bd8 $1 34. Kxc2 Rf4 $19) 33... Qf5+ 34. Kb3 (34. Kd1 $142 Bd8 35. Ra4) 34... Rxc4 $2 (34... Bd8 $18) 35. Qxa5+ ({Worse is} 35. Kxc4 Rc8+ 36. Kb5 Rc6 37. Qxa5+ Ra6 38. Qxa6+ bxa6+ 39. Kxa6 Qd3+ 40. Kb6 Bd8+ 41. Kc6 Qe2 42. Ra4+ Kb8 $11) 35... Kb8 36. Ba7+ {[%emt 0:00:10] Weighted Error Value: White=0.48/Black=0.77} 1-0

[Event "67th Mexican-ch Open 2022"]
[Site "Chihuahua"]
[Date "2022.04.14"]
[Round "2.1"]
[White "Cori, Jorge"]
[Black "Diaz Villagran, Robert"]
[Result "1/2-1/2"]
[ECO "A26"]
[WhiteElo "2650"]
[BlackElo "2318"]
[Annotator "TA"]
[PlyCount "137"]
[EventDate "2022.04.12"]
[EventType "swiss"]
[EventCountry "MEX"]
[SourceTitle "playchess.com"]
[Source "ChessBase"]
[SourceQuality "1"]
[TimeControl "5400+30"]

1. c4 Nf6 2. Nc3 g6 3. g3 Bg7 4. Bg2 O-O 5. Nf3 d6 6. O-O e5 7. d3 Nc6 8. Rb1 a5 9. a3 h6 10. b4 axb4 11. axb4 Be6 12. b5 Ne7 13. Bb2 Qd7 14. Re1 {[%emt 0:01:15] A26: English Opening vs King's Indian with ...Nc6 and d3.} Rab8 {[%emt 0:12:22] [#]} 15. e4 $146 ({Predecessor:} 15. Ra1 Nh7 16. Ra7 f5 17. e3 g5 18. Nd2 g4 19. f4 gxf3 20. Nxf3 Rf7 21. Ne2 Ng6 {½-½ (45) Trauth,M (2112)-Luciani,C (2261) Arco 2017}) 15... Nh7 16. Nd5 {[%emt 0:20:49] White is slightly better.} c6 17. Nxe7+ Qxe7 18. Bc3 c5 19. Ra1 Bg4 20. h3 Bxf3 21. Qxf3 Ng5 22. Qe2 Ne6 23. h4 h5 24. Bh3 Bh6 25. b6 (25. Bxe6 $14 {deserves consideration.} Qxe6 26. Ra2) 25... Kh7 $11 26. Ra2 Nd8 27. Kg2 Nc6 28. Rh1 Ra8 29. Rha1 Rab8 30. Rb1 Ra8 31. Raa1 Rfb8 32. Rh1 Ra6 33. Qb2 Rba8 34. Rxa6 Rxa6 35. Ra1 Rxa1 36. Qxa1 Qd8 {[%emt 0:00:02] Inhibits Qa8.} 37. Qb2 Kg8 38. Kh2 Kf8 39. Kg2 Kg8 40. Kh2 Kh7 41. Bg2 Kg8 42. Bf3 g5 43. hxg5 Qxg5 44. Kh3 h4 45. Qe2 hxg3 46. fxg3 Qd8 47. Bh5 Qg5 48. Qf3 Nd8 49. Be1 Kf8 50. Bg4 Ke7 51. Bc8 Bg7 {[%emt 0:01:31] [#]} (51... Qc1 $11 52. Qf5 Ne6) 52. Bf2 (52. Qf5 $1 $16 Qxf5+ 53. exf5 (53. Bxf5 Ne6 $14)) 52... Bf6 (52... Qc1 $14) 53. Be3 Qg6 54. Qf5 {[%emt 0:01:34] Strongly threatening Qd7+.} Kf8 55. Kg2 {[%emt 0:00:47] Hoping for Qh3. Active counter play!} Kg7 56. Qh3 {[%emt 0:00:33] Bf5 is the strong threat.} Bg5 {[%emt 0:00:23] [#]} 57. Bf5 $1 Qh6 58. Qg4 (58. Bxg5 $16 Qxg5 59. Qh7+ Kf8 60. Qh8+ Ke7 61. Qh4) 58... Kf6 $14 59. Bf2 (59. Bxg5+ $1 $14 Qxg5 60. Qh4) 59... Ne6 $11 {[%emt 0:00:25] The position is equal.} 60. Bxe6 {[%emt 0:01:22] The board is on fire.} fxe6 61. Qd1 Qh8 62. Qa1 Kf7 63. Be1 Qh5 {[%emt 0:00:11] And now ...Qe2+ would win.} 64. Bf2 Qe2 65. Qf1 Qxf1+ 66. Kxf1 Bd8 67. Ke2 Bxb6 68. Kf3 Bd8 69. Kg4 {[%emt 0:00:09] Weighted Error Value: White=0.12 (very precise) /Black=0.12 (very precise)} 1/2-1/2

[Event "67th Mexican-ch Open 2022"]
[Site "Chihuahua"]
[Date "2022.04.14"]
[Round "2.1"]
[White "Cruz Gomez, Miguel Angel"]
[Black "Cori, Jorge"]
[Result "*"]
[WhiteElo "2028"]
[BlackElo "2650"]
[Annotator "TA"]
[PlyCount "48"]
[EventDate "2022.04.12"]
[EventType "swiss"]
[EventCountry "MEX"]
[SourceTitle "playchess.com"]
[Source "ChessBase"]
[SourceQuality "1"]
[TimeControl "5400+30"]

1. c4 Nf6 2. Nc3 g6 3. g3 Bg7 4. Bg2 O-O 5. Nf3 d6 6. O-O e5 7. d3 {[%emt 0:00:05] [#]} {Predecessor:} Nc6 $146 {A26: English Opening vs King's Indian with ...Nc6 and d3.} 8. Rb1 a5 9. a3 Re8 10. Bg5 h6 11. Bxf6 Bxf6 12. b4 axb4 13. axb4 Bg7 14. b5 Ne7 15. Nd2 c6 16. Qb3 Be6 17. Ra1 Rxa1 18. Rxa1 d5 19. bxc6 bxc6 20. cxd5 cxd5 21. Nb5 e4 22. d4 Qb6 23. e3 Rb8 24. Rb1 Nc6 {½-½ (43) Caruana,F (2765)-Onischuk,V (2603) Riga 2021} *

[Event "67th Mexican-ch Open 2022"]
[Site "Chihuahua"]
[Date "2022.04.14"]
[Round "2.2"]
[White "Maass Garza R, Alejandro"]
[Black "Mareco, Sandro"]
[Result "0-1"]
[ECO "B40"]
[WhiteElo "2265"]
[BlackElo "2643"]
[Annotator "TA"]
[PlyCount "70"]
[EventDate "2022.04.12"]
[EventType "swiss"]
[EventCountry "MEX"]
[SourceTitle "playchess.com"]
[Source "ChessBase"]
[SourceQuality "1"]
[TimeControl "5400+30"]

1. e4 c5 2. Nf3 Nc6 3. d4 cxd4 4. Nxd4 e6 5. c3 d6 6. Bd3 Nf6 7. O-O {[%emt 0:00:59] B40: Sicilian: 2...e6, Unusual lines.} Be7 8. Be3 Ne5 $5 {[%emt 0:05:29][%mdl 4] [#] Leaves trodden paths.} 9. h3 $146 {[%emt 0:09:18] White has an edge.} ({Predecessor:} 9. Bc2 O-O 10. Nd2 a6 11. Qe2 Qc7 12. f4 Neg4 13. Kh1 Nxe3 14. Qxe3 Ne8 15. Rae1 {0-1 (77) Pereira,J (2099)-Deus Filho,J (1966) Ponta Grossa 2017}) 9... Nxd3 10. Qxd3 O-O 11. Nd2 (11. c4 $14) 11... a6 12. Rad1 Qc7 13. f4 b5 14. Bf2 Bb7 15. Rde1 Nd7 16. Qg3 Nc5 17. N4b3 Na4 {[%emt 0:07:44] Black continues to play with concentration.} 18. Bd4 {[%emt 0:06:56][%csl Gd4][%cal Rg3g7] [#]} f6 {[%emt 0:00:45][%cal Bf7f6,Bf6f5][%mdl 32] White must now prevent ...e5.} 19. e5 (19. Rb1 $17) 19... dxe5 $19 ({And not} 19... Nxb2 20. exf6 Bxf6 21. Rxe6 Bxd4+ 22. Nxd4 $11) 20. fxe5 Nxb2 21. Qe3 (21. Rb1 $17 Na4 22. c4) 21... f5 ({Stronger than} 21... Qc6 22. Rf2 $17) 22. Bc5 $2 (22. Rc1) 22... Bd5 23. Bxe7 Qxe7 24. Rf2 Rac8 25. Nf3 Na4 26. Rc1 Rc7 27. Nfd4 Rfc8 28. Qd2 Bxb3 29. axb3 Nxc3 {[%emt 0:00:06] [#] ...Ne4 is the strong threat.} 30. Kh2 (30. Qd3 $142 Qd8 31. Rfc2 Ne2+ 32. Qxe2 Qxd4+ 33. Kf1 Qf4+ 34. Kg1 Qd4+ 35. Kf1 Qf4+ 36. Kg1 Qd4+) 30... Ne4 31. Nxf5 exf5 (31... Nxd2 $2 32. Nxe7+ Kh8 33. Nxc8 $18) 32. Qd5+ Qf7 33. e6 Qe7 34. Rfc2 Rxc2 35. Rxc2 Rxc2 {[%emt 0:28:46] Weighted Error Value: White=0.82/Black=0.08 (flawless)} 0-1

[Event "67th Mexican-ch Open 2022"]
[Site "Chihuahua"]
[Date "2022.04.14"]
[Round "2.3"]
[White "Hernandez Guerrero, Gilberto"]
[Black "Tapie Amione, Pablo Adib"]
[Result "1-0"]
[ECO "B11"]
[WhiteElo "2564"]
[BlackElo "2241"]
[Annotator "TA"]
[PlyCount "91"]
[EventDate "2022.04.12"]
[EventType "swiss"]
[EventCountry "MEX"]
[SourceTitle "playchess.com"]
[Source "ChessBase"]
[SourceQuality "1"]
[TimeControl "5400+30"]

1. e4 c6 2. Nf3 d5 3. Nc3 dxe4 4. Nxe4 Nf6 5. Nxf6+ gxf6 6. g3 Qd5 {[%emt 0:00:12] B11: Caro-Kann: Two Knights Variation.} 7. d3 Bg4 8. Bg2 Nd7 {[%emt 0:00:20] White is slightly better.} 9. h3 Bh5 10. Qe2 {[%emt 0:00:26] [#]} e6 $146 ({Predecessor:} 10... Ne5 11. g4 Bg6 12. Nh4 Qa5+ 13. Bd2 Qa4 14. f4 Qxc2 15. fxe5 Bxd3 16. Qe3 Qxb2 {1-0 (23) Bryant,J (2377)-Huang,D Woodland Hills 2012}) 11. Bd2 {[%emt 0:02:03] Prevents Bb4.} O-O-O 12. a4 f5 13. O-O Rg8 14. Rfe1 Bc5 {[%emt 0:14:21] Strongly threatening ...Rxg3.} 15. Kh2 e5 16. c4 (16. b4 $1 $11 e4 17. dxe4 fxe4 18. c4) 16... Qd6 $15 {[%emt 0:01:55][%cal Oe5e4] And now ...e4! would win.} 17. b4 Bxb4 18. Bxb4 Qxb4 19. Rab1 $1 Qa3 (19... Qd6 $15 20. Qb2 Qc7) 20. Qe3 $11 Qc5 {[%emt 0:12:33] White must now prevent ...Qxe3.} ({But not} 20... Bxf3 21. Qxa7 Kc7 22. Rxb7+ (22. Bxf3 Rb8 $16) 22... Kd6 23. Bxf3 $16) 21. d4 exd4 22. Nxd4 $40 {[%emt 0:01:48][%mdl 128] White is up to no good.} Nb6 $2 {[%emt 0:03:03][%mdl 8192] [#] This costs Black the game.} (22... Rge8 $11 23. Qf4 (23. Qxe8 Rxe8 24. Rxe8+ Kc7 $17) 23... Rxe1 24. Rxe1 Nf8) 23. Nxc6 $1 $18 Qxe3 24. Nxa7+ Kb8 25. Rxe3 {[%emt 0:00:15][%cal Oe3e7] aiming for Re7! Chess con chili.} Kxa7 26. Reb3 Nxa4 (26... Rd1 {might work better.}) 27. Ra1 b5 (27... Rd7 28. Rxa4+ Kb8) 28. Rxb5 Bd1 29. Bd5 $2 (29. Rab1 Ka6 30. Bb7+ Ka7 {[#]} 31. Bf3 $1 ) 29... Bc2 $2 (29... Rb8) 30. Rb2 Bd1 31. Rb4 Bc2 (31... Rb8 {keeps fighting.}) 32. Ra2 (32. Rb7+ $142 Ka6 33. Rb2) 32... Bd1 $2 (32... Rb8) 33. Rb1 Rg6 34. Rxd1 Ra6 35. Rda1 Nc5 36. Bxf7 Rxa2 37. Rxa2+ {[%emt 0:00:05][%mdl 4096] Endgame KRB-KRN} Kb6 38. Rb2+ Kc6 39. Bd5+ Kd6 40. Kg2 f4 41. gxf4 Rf8 42. Rb6+ Ke7 43. Rh6 Nd3 44. Rxh7+ Kf6 (44... Kd6 $142 45. Rf7 Rg8+ 46. Kf3 Rh8) 45. Kf3 Nxf4 46. Kxf4 {[%emt 0:12:02] Weighted Error Value: White=0.43/Black=0.91} 1-0

[Event "67th Mexican-ch Open 2022"]
[Site "Chihuahua"]
[Date "2022.04.14"]
[Round "2.4"]
[White "Hernandez Guerrero, Eduardo"]
[Black "Cordova, Emilio"]
[Result "0-1"]
[ECO "B61"]
[WhiteElo "2232"]
[BlackElo "2534"]
[Annotator "TA"]
[PlyCount "70"]
[EventDate "2022.04.12"]
[EventType "swiss"]
[EventCountry "MEX"]
[SourceTitle "playchess.com"]
[Source "ChessBase"]
[SourceQuality "1"]
[TimeControl "5400+30"]

1. e4 c5 2. Nf3 Nc6 3. Nc3 d6 4. d4 cxd4 5. Nxd4 Nf6 6. Bg5 Bd7 7. Qd2 Rc8 8. Nb3 a6 {[%emt 0:01:03] B61: Sicilian: Richter-Rauzer: 6...Bd7 7 Qd2.} 9. Be2 (9. O-O-O $14) 9... e6 10. O-O h6 {[%emt 0:08:52] The position is equal.} 11. Bf4 Ne5 12. a4 {[%emt 0:06:20] [#]} g5 $146 ({Predecessor:} 12... Bc6 13. Qe3 Be7 14. Bg3 O-O 15. a5 Ned7 16. Rfd1 e5 17. Nd2 Nc5 18. Nc4 Qc7 {½-½ (35) Quesada Perez,Y (2515)-Delgado Ramirez,N (2562) Santa Clara 2007}) 13. Bg3 Rg8 14. Qd4 Qc7 15. Rad1 (15. f4 $1 $16 gxf4 16. Rxf4) 15... Be7 16. Kh1 h5 17. f4 gxf4 18. Rxf4 Rxg3 19. hxg3 Nfg4 20. Rdf1 Bc6 ({But not} 20... Bg5 21. Rxf7 $3 Nxf7 22. Qg7 $16) (20... f6 $11 {remains equal.}) 21. a5 ({White should try} 21. Nd2 $16) 21... Bg5 $11 22. Nd2 Rd8 23. b4 Qe7 (23... d5 $5 24. Bxg4 hxg4 25. exd5 Bxd5 26. Nxd5 Rxd5 $11) 24. Nc4 (24. Kg1 $11) 24... Bxf4 $17 {[%emt 0:01:04] The board is on fire.} 25. Rxf4 {[%emt 0:00:10] [#]} Nxc4 $1 26. Qxc4 Ne5 27. Qd4 Qg5 28. Qf2 Ke7 29. b5 axb5 30. Bxb5 (30. Nxb5 $142 Bxb5 31. Bxb5) 30... Rc8 31. Bd3 Ra8 32. a6 bxa6 33. Ne2 Rb8 {[%emt 0:02:35] Strongly threatening ...a5.} 34. Nd4 $2 (34. Bxa6 Rb1+ 35. Ng1) 34... Rb1+ $19 35. Kh2 (35. Bf1 {was forced.} Bb5 36. Nxb5 axb5 37. Kg1) 35... Be8 {[%emt 0:04:31] Weighted Error Value: White=0.37/Black=0.14 (very precise)} 0-1

[Event "67th Mexican-ch Open 2022"]
[Site "Chihuahua"]
[Date "2022.04.14"]
[Round "2.5"]
[White "Gonzalez Zamora, Juan Carlos"]
[Black "Avila Rodriguez, Joshua Ad"]
[Result "1/2-1/2"]
[ECO "E46"]
[WhiteElo "2544"]
[BlackElo "2182"]
[Annotator "TA"]
[PlyCount "58"]
[EventDate "2022.04.12"]
[EventType "swiss"]
[EventCountry "MEX"]
[SourceTitle "playchess.com"]
[Source "ChessBase"]
[SourceQuality "1"]
[TimeControl "5400+30"]

1. d4 Nf6 2. c4 e6 3. Nc3 Bb4 4. e3 O-O 5. Bd2 d5 6. cxd5 {[%emt 0:00:28] E46: Nimzo-Indian: Rubinstein: 4 e3 0-0 5 Ne2 without early Bd3.} exd5 7. Bd3 b6 8. a3 {[%emt 0:06:46] [#]} Bd6 $146 ({Predecessor:} 8... Be7 9. Nge2 c5 10. b3 Bb7 11. O-O Nc6 12. Qc2 Rc8 13. Bf5 Ra8 14. Rfe1 g6 {0-1 (32) Ribes Peris,A (2052)-Nieves Cabanes,J (1939) Valencia 2014}) 9. b4 Re8 10. Nf3 a6 11. Qc2 Bb7 12. O-O Nbd7 13. Rab1 Ne4 14. Bc1 Re6 15. Ne2 g5 (15... Qe7 $11) 16. Ng3 (16. Bb2 $14) 16... g4 $11 17. Ne5 Nxe5 18. dxe5 Bxe5 19. Bxe4 dxe4 20. Bb2 (20. Rd1 $1 $11 Qg5 21. Bb2) 20... Qd3 $15 21. Qd1 Qxd1 22. Rfxd1 Bxg3 (22... Rc8 $15 {was preferrable.}) 23. fxg3 $11 {[%emt 0:05:06] The position is equal.} Rc8 24. Rf1 Bd5 25. Rf4 Rg6 26. Rd1 c6 27. Bd4 b5 28. Kf2 Ra8 29. Bc3 Kf8 {[%emt 0:00:16] Weighted Error Value: White=0.09 (flawless) /Black=0.12 (very precise)} 1/2-1/2

[Event "67th Mexican-ch Open 2022"]
[Site "Chihuahua"]
[Date "2022.04.14"]
[Round "2.6"]
[White "Obregon Rivero, Juan Carlos"]
[Black "Sierra Arballo, Jesus"]
[Result "*"]
[WhiteElo "2536"]
[BlackElo "1916"]
[Annotator "TA"]
[PlyCount "28"]
[EventDate "2022.04.12"]
[EventType "swiss"]
[EventCountry "MEX"]
[SourceTitle "playchess.com"]
[Source "ChessBase"]
[SourceQuality "1"]
[TimeControl "5400+30"]

1. e4 c5 2. Nf3 d6 3. Bb5+ Nd7 4. d4 cxd4 5. Qxd4 a6 {[%emt 0:00:00] [#]} {Predecessor:} 6. Bxd7+ $146 {B51: Sicilian: Moscow Variation (3 Bb5+) without 3...Bd7.} Bxd7 7. c4 Nf6 8. Bg5 e6 9. Nc3 h6 10. Bh4 Be7 11. e5 dxe5 12. Nxe5 Qc7 13. Nxd7 Qxd7 14. Qxd7+ Kxd7 {½-½ (44) Rapport,R (2763)-Wojtaszek,R (2686) Berlin 2022} *

[Event "67th Mexican-ch Open 2022"]
[Site "Chihuahua"]
[Date "2022.04.14"]
[Round "2.6"]
[White "Gonzalez Arroyo, Lenin"]
[Black "Obregon Rivero, Juan Carlos"]
[Result "1-0"]
[ECO "B51"]
[WhiteElo "2210"]
[BlackElo "2536"]
[Annotator "TA"]
[PlyCount "77"]
[EventDate "2022.04.12"]
[EventType "swiss"]
[EventCountry "MEX"]
[SourceTitle "playchess.com"]
[Source "ChessBase"]
[SourceQuality "1"]
[TimeControl "5400+30"]

1. e4 c5 2. Nf3 d6 3. Bb5+ Nd7 4. d4 cxd4 5. Qxd4 a6 6. Bxd7+ Bxd7 7. O-O e5 {[%emt 0:00:00] 7...Nf6 gains popularity.} 8. Qd3 Rc8 {[%emt 0:00:00] B51: Sicilian: Moscow Variation (3 Bb5+) without 3...Bd7.} 9. Nc3 {[%emt 0:00:00] Against Bb5} Qc7 (9... Be6 $5 ) 10. Rd1 h6 {[%emt 0:00:00] The position is equal.} 11. h3 Nf6 {[%emt 0:00:00] [#]} 12. Nh4 $146 ({Predecessor:} 12. a4 Be7 13. Be3 Be6 14. Nd2 O-O 15. a5 Qc6 16. Bb6 d5 17. exd5 Nxd5 18. Nf3 {0-1 (57) Myradow,S (2233)-Lopez Gonzalez,D (2193) Chess.com INT 2021}) 12... b5 13. a3 g6 14. g4 Be7 15. Ng2 $1 Qc4 16. Qf3 Bc6 17. Ne3 Qe6 18. a4 bxa4 ({Black should play} 18... b4 $1 $15 19. Ncd5 h5) 19. Ncd5 (19. Ned5 $11) 19... Nxd5 (19... h5 $5 20. g5 Nxd5 21. exd5 Bb7 $17) 20. exd5 Bb7 21. Rxa4 Qd7 22. b3 h5 23. g5 Bxg5 24. Nc4 {[%emt 0:00:00] [#]} (24. Bb2 $15) 24... Bxc1 $1 $17 25. Rxc1 Qe7 26. Kh2 Kf8 (26... Rc5 $17 27. Ne3 f5) 27. Rb4 ({White should try} 27. Nb6 $15) 27... Rc7 ({Better is} 27... Rc5 $17 28. Ne3 Kg7) 28. Rb6 $11 Rd7 29. Na5 Bc8 30. Nc6 {[%emt 0:02:53][%mdl 1024] White has compensation.} Qh4 31. Rg1 $40 {[%emt 0:00:37][%mdl 128] White mounts an attack.} (31. Rb4 $1 $14 Qg5 32. Rg1) 31... e4 32. Qe3 {[%emt 0:01:33] Strongly threatening Rb4.} Kg7 33. Nd4 {[%emt 0:01:37] Black must now prevent Nf5+.} Qf6 {[%emt 0:00:29] Prevents Nf5+.} 34. c4 Re8 35. Rg5 Re5 (35... Rc7 $15) 36. Rg2 (36. Rxe5 $11 Qxe5+ 37. Kg2) 36... h4 37. Rg4 (37. Rb8 $11 Re8 38. Nc6) 37... Rb7 (37... Ra7 $1 $15 38. Rf4 Bf5) 38. Rf4 {[%emt 0:00:36][%mdl 64] [#] Deflection} Qg5 (38... Qxf4+ $11 {and Black has nothing to worry.} 39. Qxf4 Rxb6) 39. Rxd6 {[%emt 0:00:22] Weighted Error Value: White=0.19 (very precise) /Black=0.32} 1-0